 Dungeon Crawl Stone Soup version 0.21-a0-509-gecc5317 (webtiles) character file.

564 BingusPrime the Insei (level 7, -3/44 HPs)
             Began as an Octopode Transmuter on Nov 29, 2017.
             Shot with an arrow by a centaur (6 damage)
             ... on level 5 of the Dungeon.
             The game lasted 00:23:09 (5605 turns).

BingusPrime the Insei (Octopode Transmuter)         Turns: 5605, Time: 00:23:10

Health: -3/44      AC:  2    Str: 10    XL:     7   Next: 32%
Magic:  10/13      EV: 21    Int: 15    God:
Gold:   211        SH:  0    Dex: 19    Spells: 8/14 levels left

rFire    + . .     SeeInvis .     - Unarmed
rCold    . . .     Gourm    .   (shield currently unavailable)
rNeg     . . .     Faith    .   (helmet currently unavailable)
rPois    x         Spirit   .   (no amulet)
rElec    .         Reflect  .   g - ring of flight
rCorr    .         Harm     .   n - ring of protection from fire
MR       .....                  (no ring)
Stlth    ++........             (no ring)
HPRegen  0.14/turn              (no ring)
MPRegen  0.13/turn              (no ring)
                                (no ring)
                                (no ring)

@: spider-form
A: tiny, almost no armour, stealthy swim, (amphibious), 8 rings, (constrict 8)
a: End Transformation, Evoke Flight


You were on level 5 of the Dungeon.
You were hungry.
You were a venomous arachnid creature.
You visited 1 branch of the dungeon, and saw 5 of its levels.

You collected 211 gold pieces.

Inventory:

Hand Weapons
 f - a +0 dagger
 k - a +0 dagger
 p - a +4 dagger
 q - a +0 hand axe of electrocution (melded)
Missiles
 a - 57 arrows
 A - 2 tomahawks (quivered)
Jewellery
 g - a ring of flight (left front leg)
 n - a ring of protection from fire (right front leg)
Scrolls
 e - a scroll of fog {unknown}
 i - 8 scrolls of remove curse {unknown}
 l - 3 scrolls of teleportation {unknown}
 o - 3 scrolls of amnesia {unknown}
 t - a scroll of blinking {unknown}
 x - 4 scrolls of identify
 y - a scroll of enchant armour {unknown}
Potions
 h - 2 potions of invisibility {unknown}
 j - 2 potions of ambrosia {unknown}
 m - a potion of heal wounds {unknown}
 r - 3 potions of flight {unknown}
 s - 2 potions of agility {unknown}
 u - a potion of resistance {unknown}
 w - a potion of experience {unknown}
 z - a potion of curing {unknown}
 C - a potion of haste {unknown}
Books
 b - a book of Changes

   Spells                             Type                      Level
   a - Beastly Appendage              Transmutation                1
   b - Sticks to Snakes               Transmutation                2
   c - Spider Form                    Transmutation/Poison         3
   d - Ice Form                       Ice/Transmutation            4
   e - Blade Hands                    Transmutation                5
Comestibles
 c - 3 bread rations
 d - 2 meat rations
 v - 3 royal jellies


   Skills:
 + Level 1.8 Fighting
 + Level 0.2 Short Blades
 + Level 1.6 Axes
 + Level 3.0 Dodging
 + Level 2.0 Stealth
 + Level 4.4 Unarmed Combat
 + Level 4.1 Spellcasting
 + Level 3.5 Transmutations
 + Level 2.4 Poison Magic


You had 8 spell levels left.
You knew the following spells:

 Your Spells              Type           Power        Failure   Level  Hunger
a - Beastly Appendage     Tmut           ##....       13%         1    None
b - Spider Form           Tmut/Pois      ##........   34%         3    ###....
c - Sticks to Snakes      Tmut           ##......     17%         2    ##.....


Dungeon Overview and Level Annotations

Branches:
Dungeon (5/15)
 Temple: D:4-7

Altars:
Ashenzari
Elyvilon
Hepliaklqana
Nemelex Xobeh
Okawaru
Trog
Xom

Annotations:
D:4 Edmund


Innate Abilities, Weirdness & Mutations

You cannot wear most types of armour.
You are very stealthy in the water. (Stealth+)
((You are amphibious.))
You can wear up to eight rings at the same time.
((You can use your tentacles to constrict eight enemies at once.))
((Your skin changes colour to match your surroundings (Stealth+).))
((Your rubbery body absorbs attacks. (AC +1, EV +1)))


Message History

Your +0 hand axe of electrocution stops crackling.
A quokka comes into view.
The centaur shouts!
The centaur wields a shortbow.
The centaur shoots an arrow.
The arrow hits you!
You see here an arrow.
The centaur shoots an arrow.
The arrow completely misses you.
Found a stone staircase leading down.
The centaur shoots an arrow.
The arrow hits you!
The centaur shoots an arrow.
The arrow hits you!
* * * LOW HITPOINT WARNING * * *
You see here 2 arrows.
The centaur shoots an arrow.
The arrow completely misses you.
You see here an arrow.
The centaur shoots an arrow.
The arrow completely misses you.
There is a stone staircase leading down here.
You see here an arrow.
The centaur shoots an arrow.
The arrow hits you!
* * * LOW HITPOINT WARNING * * *
The centaur shoots an arrow.
The arrow hits you.
You die...

###............. .....
#............... .....
#............... ......
#...(........... ......
##..............
......# #(...........##
.......###...........##
.......#((..........##
.......sr..........##
..................##
.......c....%....##
.................#
................#.
#..............#.
##..............
####..........


You could see a centaur and a quokka.

Vanquished Creatures
  An ice beast (D:4)
  A howler monkey (D:4)
  2 jellies (D:5)
  3 orc wizards
  A worker ant (D:5)
  A hound skeleton (D:4)
  A worker ant zombie (D:2)
  3 gnolls (D:5)
  10 adders
  3 worms
  4 dart slugs
  3 leopard geckos
  14 orcs
  5 giant cockroaches
  7 hobgoblins
  10 jackals
  3 kobolds
  2 ball pythons
  A ball python skeleton (D:5)
  5 bats
  4 frilled lizards
  A giant cockroach zombie (D:5)
  15 goblins
  A leopard gecko skeleton (D:4)
  4 rats
105 creatures vanquished.

Notes
Turn   | Place    | Note
-------+----------+-------------------------------------------
     0 | D:1      | BingusPrime the Octopode Transmuter began the quest for the Orb.
     0 | D:1      | Reached XP level 1. HP: 13/13 MP: 3/3
   239 | D:1      | Reached XP level 2. HP: 6/18 MP: 3/5
   903 | D:1      | Reached XP level 3. HP: 17/23 MP: 4/6
   908 | D:1      | Learned a level 3 spell: Spider Form
  1304 | D:2      | Reached XP level 4. HP: 19/28 MP: 2/8
  1556 | D:2      | Reached XP level 5. HP: 14/33 MP: 1/9
  1734 | D:2      | You fall through a shaft for 2 floors!
  1734 | D:4      | Found a hazy altar of Hepliaklqana.
  1734 | D:4      | Found a shimmering altar of Xom.
  1734 | D:4      | Noticed a tentacled monstrosity
  1734 | D:4      | Noticed a spectral ugly thing
  1734 | D:4      | Noticed a tentacled monstrosity
  1749 | D:4      | Learned a level 2 spell: Sticks to Snakes
  1781 | D:4      | Found a bloodstained altar of Trog.
  1913 | D:2      | Found an iron altar of Okawaru.
  1920 | D:2      | Found a white marble altar of Elyvilon.
  1929 | D:2      | Found a sparkling altar of Nemelex Xobeh.
  2069 | D:2      | Reached skill level 1 in Poison Magic
  2792 | D:3      | Found a shattered altar of Ashenzari.
  3245 | D:4      | Reached skill level 1 in Stealth
  3268 | D:4      | Reached XP level 6. HP: 37/38 MP: 11/11
  3581 | D:4      | Noticed an ice beast
  3595 | D:4      | Killed an ice beast
  3595 | D:4      | Reached skill level 1 in Axes
  4204 | D:4      | Noticed Edmund
  4237 | D:5      | Entered Level 5 of the Dungeon
  4272 | D:5      | Found a shimmering altar of Xom.
  4311 | D:5      | Reached XP level 7. HP: 7/43 MP: 10/12
  5245 | D:5      | Found a sparkling altar of Nemelex Xobeh.
  5605 | D:5      | Shot with an arrow by a centaur

Vault maps used:
D:1:      dpeg_arrival_leaves_temple_mockup, hex_intersection,
          corexii_item_surrounded_by_moat, minivault_24
D:2:      grunt_temple_overflow_diamond, serial_bayou, serial_bayou_pond_c,
          serial_bayou_crossing, serial_bayou_pond_b, serial_bayou_shore_a,
          first_bread
D:3:      nicolae_ashenzari_panopticon, minmay_ruptured
D:4:      regret_index_temple_of_mockery, bloody_trog, minmay_goblin_outpost,
          uniq_edmund
D:5:      basic_altar, hangedman_abyss_or_decor_stagger,
          nemelex_lonely_heart_becter

Skill      XL: |  1  2  3  4  5  6  7 |
---------------+----------------------+-----
Spellcasting   | 3 4 |  4.1
Poison Magic   | 1 2 |  2.4
Transmutations | 3 |  3.5
Stealth        | 1 2 |  2.0
Axes           | 1 |  1.6
Unarmed Combat | 4 |  4.4
Dodging        | 3 |  3.0
Fighting       | |  1.8
Short Blades   | |  0.2

Action                   |  1- 3 |  4- 6 |  7- 9 || total
-------------------------+-------+-------+-------++-------
Melee: Unarmed           |    27 |   105 |    42 ||   174
       Constrict         |    17 |    10 |     3 ||    30
       Kick              |     9 |     4 |     1 ||    14
       Tentacles         |     8 |     2 |     2 ||    12
       Punch             |     2 |     2 |       ||     4
       Dagger            |    27 |       |       ||    27
       Hand axe          |     8 |    35 |    12 ||    55
 Cast: Beastly Appendage |    11 |     7 |     2 ||    20
       Spider Form       |     3 |    24 |    11 ||    38
  Use: Scroll            |     1 |     2 |       ||     3
       Potion            |       |     1 |       ||     1
 Stab: Sleeping          |     1 |     4 |     2 ||     7
  Eat: Chunk             |     2 |     8 |     4 ||    14
       Meat ration       |       |     1 |       ||     1
Armor: Skin              |     7 |    13 |     2 ||    22
Dodge: Dodged            |    43 |   114 |    43 ||   200

Table legend:
 A = Spawn XP
 B = Non-spawn XP
 C = Spawn XP percentage of total XP
 D = Spawn monster count
 E = Non-spawn monster count
 F = Spawn count percentage of total count
 G = Total turns spent on level
                    A         B        C        D         E        F      G
               +---------+---------+-------+---------+---------+-------+---------
         Total |       0 |     806 |   0.0 |       0 |     105 |   0.0 |  5605
               +---------+---------+-------+---------+---------+-------+---------
           D:1 |       0 |      40 |   0.0 |       0 |      21 |   0.0 |  1235
           D:2 |       0 |     214 |   0.0 |       0 |      22 |   0.0 |  1157
           D:3 |       0 |      49 |   0.0 |       0 |      22 |   0.0 |   687
           D:4 |       0 |     254 |   0.0 |       0 |      20 |   0.0 |  1176
           D:5 |       0 |     249 |   0.0 |       0 |      20 |   0.0 |  1350
               +---------+---------+-------+---------+---------+-------+---------
